[Event "Betsys MČR v online bleskovém šachu 2021"]
[Site "Chess.com"]
[Date "2021.04.17"]
[Round "12"]
[White "VeceraP1973"]
[Black "TommyLud"]
[Result "1-0"]
[WhiteElo "1953"]
[BlackElo "2124"]
[TimeControl "180+1"]
[EndTime "10:58:09 PDT"]
[Termination "Uživatel VeceraP1973 zvítězil po vzdání soupeře"]

1. e4 c5 2. Nf3 e6 3. d4 cxd4 4.
Nxd4 Nc6 5. Be3 Qc7 6. Nxc6 bxc6 7. c4 Nf6 8. Nc3 Bb4 9. Bd3 d5 10. exd5 exd5 11. Qc2 O-O 12. O-O dxc4 13. Bxc4 Ng4 14. g3 Nxe3 15. fxe3 Bc5 16. Rae1 Bh3 17. Rf4 h6 18.
Ne4 Bb6 19. Rh4 Qd7 20. Nf6+ gxf6 21. Qg6+ 1-0

[Event "Betsys MČR v online bleskovém šachu 2021"]
[Site "Chess.com"]
[Date "2021.04.17"]
[Round "12"]
[White "sipos88"]
[Black "Terilka"]
[Result "1-0"]
[WhiteElo "1857"]
[BlackElo "1546"]
[TimeControl "180+1"]
[EndTime "10:58:12 PDT"]
[Termination "Uživatel sipos88 zvítězil matem"]

1. e4 e6 2. d4 d5 3. exd5 exd5 4. Bd3 Bd6 5. c3 Ne7 6. Nf3 Bg4 7. O-O Nd7 8. Be3 c6 9. Nbd2 Qc7 10. Qc2 O-O-O 11. h3 Be6 12. b4 a6 13. a4 f5 14. Nb3 h6 15. b5 g5 16. bxa6 Kb8 17. axb7 g4 18.
Ne5 Nxe5 19. dxe5 Bxe5 20. h4 Ng6 21. Nc5 Bd7 22. Na6+ Kxb7 23. Nxc7 Kxc7 24. Bc5 Nxh4 25. a5 Ra8 26. Rfe1 Bf4 27. c4 dxc4 28. Qxc4 Ng6 29. g3 Be5 30. Rxe5 Nxe5 31. Qf4 Rhe8 32. Bd4 Kd6 33. Re1 Kd5 34. Rxe5+ Rxe5 35. Qxe5# 1-0

[Event "Betsys MČR v online bleskovém šachu 2021"]
[Site "Chess.com"]
[Date "2021.04.17"]
[Round "12"]
[White "Ondre2836"]
[Black "Maty_2010"]
[Result "1-0"]
[WhiteElo "1244"]
[BlackElo "943"]
[TimeControl "180+1"]
[EndTime "10:58:13 PDT"]
[Termination "Uživatel Ondre2836 zvítězil matem"]

1. e4 e5 2. Bc4 Bc5 3. Nf3 Nf6 4. d3 Ng4 5. O-O d6 6. c3 Nc6 7. a4 Bd7 8. h3 Nf6 9. b4 Bb6 10. a5 d5 11. exd5 Nxd5 12. Bxd5 Qf6 13. Bxc6 Bxc6 14. axb6 Bd7 15. Bg5 Qg6 16. Rxa7 Rb8 17. bxc7 Rc8 18. Rxb7 h6 19. Rb8 hxg5 20. Rxc8+ Bxc8 21. Qe2 g4 22. Qxe5+ Be6 23. c8=Q+ Ke7 24. Qcc7+ Ke8 25. Qb5+ Bd7 26. Qbe5+ Be6 27. Qc8+ Ke7 28. Qxh8 gxh3 29. Qc5+ Kf6 30. Qd8# 1-0

[Event "Betsys MČR v online bleskovém šachu 2021"]
[Site "Chess.com"]
[Date "2021.04.17"]
[Round "12"]
[White "penguinorodriguez"]
[Black "VojtechPlat"]
[Result "0-1"]
[WhiteElo "2546"]
[BlackElo "2842"]
[TimeControl "180+1"]
[EndTime "10:58:14 PDT"]
[Termination "Uživatel VojtechPlat zvítězil po vzdání soupeře"]

1. d4 d6 2. Nf3 Bg4 3. c4 c6 4.
Nc3 Nd7 5. g3 e5 6. Bg2 Ngf6 7.
h3 Bxf3 8. exf3 Be7 9. O-O O-O 10. f4 exd4 11. Qxd4 a5 12. b3 Re8 13. Bb2 Bf8 14.
Rad1 Nc5 15. g4 Ne6 16. Qd2 Nc5 17. Qd4 Qc7 18. f5 Nfd7 19. f4 a4 20. b4 a3 21.
Ba1 Na6 22. Rb1 d5 23. c5 Naxc5 24. Kh2 Ne4 25. Nxe4 dxe4 26. Bxe4 Nf6 27. Bf3 Rad8 28. Qc3 Qxf4+ 29. Kg2 Rd2+ 0-1

[Event "Betsys MČR v online bleskovém šachu 2021"]
[Site "Chess.com"]
[Date "2021.04.17"]
[Round "12"]
[White "Mimochodem"]
[Black "MametevArtem097"]
[Result "0-1"]
[WhiteElo "1792"]
[BlackElo "1995"]
[TimeControl "180+1"]
[EndTime "10:58:15 PDT"]
[Termination "Uživatel MametevArtem097 zvítězil po vzdání soupeře"]

1. e4 c5 2. Nf3 Nc6 3. Nc3 Nd4 4. Bc4 Nxf3+ 5. Qxf3 e6 6. O-O a6 7. a4 d6 8. d3 Nf6 9. Bg5 Be7 10. Rfd1 O-O 11.
d4 cxd4 12. Rxd4 h6 13. Bh4 Qb6 14. Rad1 Qxb2 15. Bxf6 Bxf6 16. Rb1 Qa3 17. Rd3 Bxc3 18. Rxc3 Qxa4 19. Bd3 e5 20. Qe3 b5 21. f4 exf4 22.
Qxf4 Qd4+ 23. Qf2 Qxc3 24. e5 Qxe5 25. Re1 Qf6 26. Qe3 Bf5 27. Rf1 Rfe8 28. Qg3 Qd4+ 29. Kh1 Bxd3 30. cxd3 Re3 31. Qf2 f6 32. Re1 Rae8 0-1

[Event "Betsys MČR v online bleskovém šachu 2021"]
[Site "Chess.com"]
[Date "2021.04.17"]
[Round "12"]
[White "TrickyPeat"]
[Black "Klokan64"]
[Result "1-0"]
[WhiteElo "2157"]
[BlackElo "1443"]
[TimeControl "180+1"]
[EndTime "10:58:15 PDT"]
[Termination "Uživatel TrickyPeat zvítězil na čas"]

1. e4 d6 2. d4 Nf6 3. Nc3 c6 4. Bg5 Bg4 5. f3 Bh5 6. Qd2 h6 7. Be3 Nbd7 8. Nge2 e6 9. Nf4 g5 10. Nxh5 Nxh5 11. O-O-O Qa5 12. Kb1 O-O-O 13. Bc4 d5 14. Bb3 dxe4 15. fxe4 Bb4 16. Rhf1 Bxc3 17. Qxc3 Qxc3 18.
bxc3 Rhf8 19. d5 exd5 20. exd5 Ne5 21. Bxa7 1-0

[Event "Betsys MČR v online bleskovém šachu 2021"]
[Site "Chess.com"]
[Date "2021.04.17"]
[Round "12"]
[White "catanist19"]
[Black "Dan1612"]
[Result "0-1"]
[WhiteElo "1739"]
[BlackElo "1970"]
[TimeControl "180+1"]
[EndTime "10:58:16 PDT"]
[Termination "Uživatel Dan1612 zvítězil po vzdání soupeře"]

1. d4 g6 2. c4 Bg7 3. Nc3 d6 4. e4 Nc6 5. Nf3 Nf6 6. Be3 O-O 7.
h3 e5 8. d5 Ne7 9. Bd3 Ne8 10. c5 f5 11. cxd6 cxd6 12. Bg5 f4 13.
Rc1 a6 14. Bxe7 Qxe7 15. Qb3 h6 16. h4 Bg4 17. Qb6 Bxf3 18. gxf3 Bf6 19. h5 Qg7 20. Ke2 g5 21. b4 Bd8 0-1

[Event "Betsys MČR v online bleskovém šachu 2021"]
[Site "Chess.com"]
[Date "2021.04.17"]
[Round "12"]
[White "NeumanPetr"]
[Black "xnepom"]
[Result "1-0"]
[WhiteElo "2474"]
[BlackElo "2251"]
[TimeControl "180+1"]
[EndTime "10:58:19 PDT"]
[Termination "Uživatel NeumanPetr zvítězil po vzdání soupeře"]

1. d4 d5 2. c4 e6 3. Nc3 c5 4.
cxd5 cxd4 5. Qa4+ b5 6. Nxb5 Bd7 7. Bf4 a6 8. e4 Qb6 9. Rc1 Bxb5 10. Bxb5+ Qxb5 11. Rc8+ Kd7 12. Qxb5+ axb5 13. Rxf8 1-0

[Event "Betsys MČR v online bleskovém šachu 2021"]
[Site "Chess.com"]
[Date "2021.04.17"]
[Round "12"]
[White "matyson523"]
[Black "ghostdog777"]
[Result "1-0"]
[WhiteElo "1862"]
[BlackElo "1997"]
[TimeControl "180+1"]
[EndTime "10:58:29 PDT"]
[Termination "Uživatel matyson523 zvítězil matem"]

1. e4 e5 2. Nf3 Nc6 3. d4 exd4 4. Bc4 d6 5. Nxd4 Qf6 6. Be3 Qg6 7. O-O Ne5 8. Bb3 Bh3 9. g3 Qxe4 10. Bxf7+ Kxf7 11. Qh5+ g6 12. Qxh3 c5 13. Nc3 Qg4 14. Qxg4 Nxg4 15.
Nf3 h6 16. Nd5 Bg7 17. h3 Nxe3 18. fxe3 Bxb2 19. Rab1 Bf6 20. Rxb7+ Ke6 21. Nc7+ Kf5 22. Nd2+ Ke5 23. Nxa8 Ne7 24. Ne4 Kxe4 25. Rxf6 Nf5 26. Nc7 Nxe3 27. Re6+ Kf3 28. Rb3 Re8 29. Rbxe3# 1-0

[Event "Betsys MČR v online bleskovém šachu 2021"]
[Site "Chess.com"]
[Date "2021.04.17"]
[Round "12"]
[White "tucnak64"]
[Black "FutureFideMasseur"]
[Result "1-0"]
[WhiteElo "2149"]
[BlackElo "2418"]
[TimeControl "180+1"]
[EndTime "10:58:47 PDT"]
[Termination "Uživatel tucnak64 zvítězil po vzdání soupeře"]

1. d4 Nf6 2. Nf3 d5 3. c4 e6 4. Nc3 Be7 5. Bg5 O-O 6. e3 h6 7. Bf4 Nh5 8. Be5 c6 9. g4 Nf6 10. Rg1 Ne4 11. Qc2 Nxc3 12. bxc3 Nd7 13. Bf4 Nf6 14. g5 hxg5 15. Nxg5 b6 16. Be5 g6 17.
Bd3 Ne8 18. Bxg6 f6 19. Bxe8 1-0

[Event "Betsys MČR v online bleskovém šachu 2021"]
[Site "Chess.com"]
[Date "2021.04.17"]
[Round "12"]
[White "LightningAttack_2000"]
[Black "Michaela1994"]
[Result "1-0"]
[WhiteElo "1870"]
[BlackElo "1642"]
[TimeControl "180+1"]
[EndTime "10:58:53 PDT"]
[Termination "Uživatel LightningAttack_2000 zvítězil matem"]

1. e4 e6 2. d4 d5 3. Nd2 c5 4. exd5 Qxd5 5. Ngf3 Nc6 6. Bc4 Qd8 7. dxc5 Bxc5 8.
O-O Nf6 9. Qe2 O-O 10. Rd1 Qc7 11. Nb3 Bb6 12. Bg5 Ng4 13. Bh4 Nce5 14. Nxe5 Nxe5 15.
Bg3 Qxc4 16. Qxe5 Qxc2 17. Rac1 Qg6 18. Rc4 Rd8 19. Rxd8+ Bxd8 20. h3 Bf6 21. Qe2 h6 22.
Rg4 Qb1+ 23. Kh2 Qxa2 24. Be5 Qxb3 25. Bxf6 g6 26. Qd2 Qd5 27. Qxh6 Qd6+ 28. Rg3 Qf8 29.
Qh8# 1-0

[Event "Betsys MČR v online bleskovém šachu 2021"]
[Site "Chess.com"]
[Date "2021.04.17"]
[Round "12"]
[White "Maldaj"]
[Black "krystofkrizek1"]
[Result "1-0"]
[WhiteElo "2386"]
[BlackElo "2134"]
[TimeControl "180+1"]
[EndTime "10:58:56 PDT"]
[Termination "Uživatel Maldaj zvítězil na čas"]

1. e4 g6 2. d4 d5 3. exd5 Nf6 4. c4 Bg7 5. Nc3 a6 6. Nf3 Bg4 7. Be2 b5 8. b3 c5 9. Be3 Qa5 10. Bd2 b4 11. Na4 Ne4 12. O-O Nxd2 13. Qxd2 Bxf3 14. Bxf3 Bxd4 15. Rae1 O-O 16. Rxe7 Bf6 17.
d6 Nc6 18. Bxc6 Rac8 19. Bd5 Rcd8 20. Rxf7 Rxf7 21. Qf4 1-0

[Event "Betsys MČR v online bleskovém šachu 2021"]
[Site "Chess.com"]
[Date "2021.04.17"]
[Round "12"]
[White "Ami2013"]
[Black "DenisaD2008"]
[Result "0-1"]
[WhiteElo "496"]
[BlackElo "954"]
[TimeControl "180+1"]
[EndTime "10:58:58 PDT"]
[Termination "Uživatel DenisaD2008 zvítězil matem"]

1. e4 e5 2. Nf3 Nc6 3. Bc4 Bc5 4. Ng5 Qxg5 5. d3 Qe7 6. O-O Nf6 7. Bg5 h6 8. Bxf6 Qxf6 9. Nc3 d6 10. d4 exd4 11. Nd5 Qg5 12. Nxc7+ Kf8 13. Nxa8 Bh3 14. g3 Ne5 15. Re1 Nxc4 16. Qd3 Nxb2 17. Qb3 d3 18. Qxb7 Qf6 19. Qd7 Qxf2+ 20. Kh1 Qg2# 0-1

[Event "Betsys MČR v online bleskovém šachu 2021"]
[Site "Chess.com"]
[Date "2021.04.17"]
[Round "12"]
[White "Paulz64"]
[Black "Clockwork7orange"]
[Result "1-0"]
[WhiteElo "2485"]
[BlackElo "2322"]
[TimeControl "180+1"]
[EndTime "10:59:00 PDT"]
[Termination "Uživatel Paulz64 zvítězil po vzdání soupeře"]

1. d4 g6 2. c4 Bg7 3. Nf3 d6 4. Nc3 e5 5. Bg5 f6 6. Bh4 g5 7. Bg3 h5 8. h3 Nc6 9. dxe5 dxe5 10. Qc2 Be6 11. Rd1 Qe7 12. Nd5 Bxd5 13. cxd5 Nb4 14. Qa4+ b5 15. Qxb5+ c6 16. Qa4 Rd8 17. e4 1-0

[Event "Betsys MČR v online bleskovém šachu 2021"]
[Site "Chess.com"]
[Date "2021.04.17"]
[Round "12"]
[White "misacz"]
[Black "vikysachy"]
[Result "0-1"]
[WhiteElo "1057"]
[BlackElo "872"]
[TimeControl "180+1"]
[EndTime "10:59:00 PDT"]
[Termination "Uživatel vikysachy zvítězil matem"]

1. d4 d5 2. Nf3 Nc6 3. e3 Nf6 4.
Bd3 b6 5. Nbd2 Bb7 6. Qe2 e6 7.
O-O Qd6 8. c3 Ng4 9. g3 Qe7 10.
e4 dxe4 11. Qxe4 Nf6 12. Qe3 Ng4 13. Qf4 Nf6 14. Ne4 Nd5 15. Qd2 O-O-O 16. a4 h5 17. a5 Nxa5 18. Qe2 h4 19. Nxh4 g5 20. Bxg5 f6 21. Be3 Bh6 22. Ng6 Qg7 23. Nxh8 Rxh8 24. Bxh6 Qxh6 25. h4 Nf4 26. gxf4 Qxh4 27. Nd2 Qh2# 0-1

[Event "Betsys MČR v online bleskovém šachu 2021"]
[Site "Chess.com"]
[Date "2021.04.17"]
[Round "12"]
[White "jsebesta"]
[Black "Hapinka"]
[Result "1-0"]
[WhiteElo "1670"]
[BlackElo "1805"]
[TimeControl "180+1"]
[EndTime "10:59:03 PDT"]
[Termination "Uživatel jsebesta zvítězil po vzdání soupeře"]

1. e4 e5 2. Nf3 Nc6 3. Bc4 Bc5 4. b4 Bxb4 5. c3 Ba5 6. d4 exd4 7. O-O d6 8. cxd4 Nf6 9. e5 dxe5 10. Ba3 e4 11.
Ng5 Be6 12. Bxe6 fxe6 13. Nxe6 Qd7 14. Qb3 Qd5 15. Qxb7 Nxd4 16. Nxc7+ Bxc7 17. Qxc7 Qd7 18. Qe5+ Ne6 19. Nc3 Kf7 20. Nb5 Rac8 21. Nd6+ 1-0

[Event "Betsys MČR v online bleskovém šachu 2021"]
[Site "Chess.com"]
[Date "2021.04.17"]
[Round "12"]
[White "indebol"]
[Black "JosefBara"]
[Result "1/2-1/2"]
[WhiteElo "1548"]
[BlackElo "1323"]
[TimeControl "180+1"]
[EndTime "10:59:03 PDT"]
[Termination "Remíza opakováním pozice"]

1. e4 e6 2. Nf3 d5 3. exd5 exd5 4.
d4 Nf6 5. Bd3 Be7 6. O-O O-O 7.
Nbd2 Bg4 8. h3 Bh5 9. Re1 Re8 10. Nf1 c6 11. Ng3 Bxf3 12. Qxf3 Nbd7 13. Bd2 Nb6 14. b3 Rc8 15. c4 dxc4 16. Bxc4 Nxc4 17. bxc4 Qxd4 18. Be3 Qxc4 19. Bxa7 Bc5 20. Bxc5 Qxc5 21. Rec1 Qb4 22. Rab1 Qe7 23. Nf5 Qc7 24. a4 Ne4 25.
Qg4 g6 26. Rb4 Nf6 27. Qg5 Ne4 28. Qg4 Nf6 29. Qg5 Ne4 30. Qg4 1/2-1/2

[Event "Betsys MČR v online bleskovém šachu 2021"]
[Site "Chess.com"]
[Date "2021.04.17"]
[Round "12"]
[White "Vojta0007"]
[Black "ikovacs"]
[Result "1-0"]
[WhiteElo "1459"]
[BlackElo "1086"]
[TimeControl "180+1"]
[EndTime "10:59:08 PDT"]
[Termination "Uživatel Vojta0007 zvítězil po vzdání soupeře"]

1. d4 d5 2. Nf3 e6 3. e3 c5 4. c4 cxd4 5. Nxd4 dxc4 6. Bxc4 Nc6 7.
Nxc6 Qxd1+ 8. Kxd1 bxc6 9. Nc3 Bb4 10. Bd2 Nf6 11. a3 Bxc3 12. Bxc3 O-O 13. Ke2 Ne4 14. Bd4 a5 15. f3 Nd6 16. Bd3 Ba6 17. Bxa6 Rxa6 18.
Bc5 Rd8 19. Rhd1 Nb7 20. Rxd8+ Nxd8 21. Rd1 Nb7 22. Rd7 g6 23. Rxb7 a4 24. Bd4 f5 25.
Rg7+ Kf8 26. Rxh7 Ra5 27. Rb7 Rb5 28. Rxb5 cxb5 29. Kd3 Ke7 30. Bc5+ Kd7 31. Kd4 Kc6 32.
Bb4 Kb6 33. Ke5 Kc6 34. Kxe6 Kc7 35. Kf6 1-0

[Event "Betsys MČR v online bleskovém šachu 2021"]
[Site "Chess.com"]
[Date "2021.04.17"]
[Round "12"]
[White "Hollow_Head"]
[Black "TTCZ"]
[Result "0-1"]
[WhiteElo "1088"]
[BlackElo "1459"]
[TimeControl "180+1"]
[EndTime "10:59:12 PDT"]
[Termination "Uživatel TTCZ zvítězil matem"]

1. e4 e6 2. Nf3 d5 3. exd5 exd5 4. g3 Nf6 5. Qe2+ Be7 6. Bg2 Bg4 7.
O-O O-O 8. d3 c6 9. Bg5 h6 10.
Bxf6 Bxf6 11. h3 Bxf3 12. Qxf3 Bxb2 13. Nd2 Bxa1 14. Rxa1 Qf6 15. Qd1 Nd7 16. Nf3 Rfe8 17. Qd2 Qxa1+ 18. Bf1 Qxa2 19. Kg2 Nf6 20. Be2 b6 21. d4 Qa5 22. Qd3 Re7 23. c4 Rae8 24. Ng1 dxc4 25. Qxc4 Qb5 26. Qxb5 cxb5 27. Bxb5 Nd5 28.
Bxe8 Rxe8 29. Nf3 g6 30. Ne5 Rxe5 31. dxe5 Kf8 32. f4 Ke7 33. Kf3 h5 34. Ke4 Ke6 35. g4 Nc3+ 36. Kd4 Nb5+ 37. Ke4 hxg4 38. hxg4 a5 39. f5+ gxf5+ 40. gxf5+ Ke7 41. Kd5 Nc3+ 42. Kd4 Ne2+ 43. Kd5 Ng3 44. f6+ Kd7 45. Kd4 Nf5+ 46. Kd5 Ne3+ 47. Ke4 Nc4 48. Kd5 Na3 49. Ke4 Ke6 50.
Kf4 Nc4 51. Ke4 Nxe5 52. Kf4 Kxf6 53. Ke4 Ke6 54. Kd4 Kd6 55. Kc3 Kc5 56. Kb3 f5 57.
Ka4 f4 58. Ka3 f3 59. Kb3 f2 60. Ka2 f1=R 61. Kb3 b5 62. Ka3 Rf3+ 63. Kb2 Kb4 64.
Kc2 a4 65. Kd2 a3 66. Kc2 a2 67. Kd2 a1=Q 68. Kc2 Rf2# 0-1

[Event "Betsys MČR v online bleskovém šachu 2021"]
[Site "Chess.com"]
[Date "2021.04.17"]
[Round "12"]
[White "sachovybukowski"]
[Black "Tobish"]
[Result "1-0"]
[WhiteElo "1953"]
[BlackElo "1678"]
[TimeControl "180+1"]
[EndTime "10:59:13 PDT"]
[Termination "Uživatel sachovybukowski zvítězil matem"]

1. d4 d5 2. Bg5 Nf6 3. e3 Nbd7 4. f4 g6 5. Nf3 Bg7 6. c3 O-O 7. Bd3 c5 8. O-O b6 9. Qe2 Bb7 10. Nbd2 Qc7 11. Rac1 e6 12. Ne5 Ne4 13. Bb5 Ndf6 14.
Nxe4 Nxe4 15. Bh4 a6 16. Bd3 Nf6 17. h3 Rac8 18. a3 c4 19. Bb1 Nd7 20. Qg4 f5 21. Qe2 Nxe5 22. fxe5 h6 23. g4 Rf7 24. gxf5 gxf5 25. Kh1 Kh8 26. Rg1 f4 27. exf4 Rxf4 28. Qh5 Rcf8 29. Qg6 Bxe5 30. Qxh6+ Qh7 31. Qxh7# 1-0

[Event "Betsys MČR v online bleskovém šachu 2021"]
[Site "Chess.com"]
[Date "2021.04.17"]
[Round "12"]
[White "EliasD123"]
[Black "Z_u_z_i"]
[Result "1-0"]
[WhiteElo "1339"]
[BlackElo "1523"]
[TimeControl "180+1"]
[EndTime "10:59:16 PDT"]
[Termination "Uživatel EliasD123 zvítězil matem"]

1. e4 c5 2. Nf3 e6 3. d4 cxd4 4.
Nxd4 Nc6 5. Nc3 a6 6. Be3 Bb4 7.
a3 Ba5 8. Nxc6 bxc6 9. b4 Bc7 10.
Bd3 Ne7 11. Qd2 O-O 12. f4 d5 13. e5 d4 14. Ne4 dxe3 15. Qxe3 Nd5 16. Qg3 h6 17.
O-O Bb6+ 18. Kh1 Bb7 19. c4 Ne3 20. Rf3 Nf5 21. Qg4 Bd4 22. Raf1 Ne3 23. Nf6+ Kh8 24. Qh5 Nxf1 25. Rh3 Ne3 26. Qxh6+ gxh6 27. Rxh6+ Kg7 28. Rh7# 1-0

[Event "Betsys MČR v online bleskovém šachu 2021"]
[Site "Chess.com"]
[Date "2021.04.17"]
[Round "12"]
[White "prosinec"]
[Black "g4g5g4g5"]
[Result "1-0"]
[WhiteElo "1782"]
[BlackElo "1995"]
[TimeControl "180+1"]
[EndTime "10:59:17 PDT"]
[Termination "Uživatel prosinec zvítězil po vzdání soupeře"]

1. Nf3 Nf6 2. c4 e6 3. Nc3 b6 4. g3 Bb7 5. Bg2 Be7 6. O-O O-O 7. d4 Ne4 8. Re1 Nxc3 9. bxc3 f5 10. d5 Bf6 11. Qc2 g6 12. Bh6 Bg7 13. Bxg7 Kxg7 14.
dxe6 dxe6 15. Nd4 Bc8 16. Bxa8 e5 17. Nc6 Nxc6 18. Bxc6 f4 19. Rad1 Qf6 20. Bf3 g5 21.
g4 h5 22. gxh5 g4 23. Bg2 Rh8 24. Qg6+ Qxg6 25. hxg6 Kxg6 26. Be4+ Kf6 27. Rd5 Be6 28.
Rd2 Rg8 29. Bd5 Bf5 30. Bxg8 1-0

[Event "Betsys MČR v online bleskovém šachu 2021"]
[Site "Chess.com"]
[Date "2021.04.17"]
[Round "12"]
[White "Simaril76"]
[Black "Newyork6"]
[Result "1-0"]
[WhiteElo "713"]
[BlackElo "326"]
[TimeControl "180+1"]
[EndTime "10:59:17 PDT"]
[Termination "Uživatel Simaril76 zvítězil po vzdání soupeře"]

1. b3 Nc6 2. e3 b6 3. Nf3 Bb7 4.
Bb2 d6 5. g3 f6 6. Bg2 g6 7. O-O Nh6 8. d4 Bg7 9. Nc3 O-O 10. d5 e6 11. dxc6 Bxc6 12. Na4 Bxf3 13. Bxf3 Nf5 14. Bg2 b5 15. Nc3 b4 16. Ne4 Rb8 17.
c3 Rb5 18. a3 Rd5 19. Qe2 Rd1 20. Raxd1 e5 21. cxb4 d5 22. Nc5 Nxg3 23. hxg3 c6 24.
Ne6 Qc8 25. Nxf8 Qxf8 26. a4 c5 27. b5 a6 28. b6 Kh8 29. Qxa6 Qf7 30. Qa8+ Qf8 31.
Qxf8+ Bxf8 32. b7 Bd6 33. f4 exf4 34. gxf4 g5 35. Bxd5 gxf4 36. exf4 1-0

[Event "Betsys MČR v online bleskovém šachu 2021"]
[Site "Chess.com"]
[Date "2021.04.17"]
[Round "12"]
[White "pkozubik"]
[Black "Vitana"]
[Result "0-1"]
[WhiteElo "1196"]
[BlackElo "1734"]
[TimeControl "180+1"]
[EndTime "10:59:22 PDT"]
[Termination "Uživatel Vitana zvítězil matem"]

1. e4 e6 2. Nf3 d5 3. Nc3 Nf6 4. exd5 exd5 5. Be2 Be7 6. O-O O-O 7. d4 c6 8. b3 Bg4 9. Bb2 Nbd7 10. Ne5 Bxe2 11.
Nxe2 Re8 12. f4 Ne4 13. Qd3 f6 14. Nxd7 Qxd7 15. c4 Bd6 16. Rae1 Rad8 17. f5 Qc7 18. Qh3 Bb4 19. Rd1 dxc4 20. bxc4 Nd2 21. Rf4 Rxe2 22. Rg4 Nxc4 23. d5 Nxb2 24. Rc1 Qb6+ 25. Kh1 Qe3 26. Qxe3 Rxe3 27. dxc6 bxc6 28. Rxc6 Re1# 0-1

[Event "Betsys MČR v online bleskovém šachu 2021"]
[Site "Chess.com"]
[Date "2021.04.17"]
[Round "12"]
[White "stripe122"]
[Black "machajda"]
[Result "0-1"]
[WhiteElo "1812"]
[BlackElo "2041"]
[TimeControl "180+1"]
[EndTime "10:59:29 PDT"]
[Termination "Uživatel machajda zvítězil po vzdání soupeře"]

1. e4 c5 2. Nf3 d6 3. d4 cxd4 4. Nxd4 Nf6 5. Nc3 a6 6. Be3 e5 7. Nb3 Be6 8. Qd2 Be7 9. f3 Qc7 10. O-O-O h5 11. Kb1 Nbd7 12. Nd5 Bxd5 13. exd5 O-O 14. Be2 b5 15. g4 Rfc8 16. c3 Nb6 17. Bxb6 Qxb6 18. g5 Nd7 19. Rhg1 a5 20. g6 f5 21. f4 a4 22. Nc1 a3 23. b3 Qc5 24. fxe5 Nxe5 25. Bxh5 Qxc3 26. Qxc3 Rxc3 27. Ne2 Rh3 28. Nf4 Rxh2 29. Rh1 Rxh1 30. Rxh1 Rc8 31. Rc1 Rxc1+ 32. Kxc1 Bg5 33. Kc2 Bxf4 34. Kc3 Kf8 35.
Kb4 Ke7 36. Kxb5 Kd7 37. Ka4 Bc1 38. Kb4 Kc7 39. Kc3 Kb6 40. Kd4 Bb2+ 41. Ke3 Kc5 42. Kf4 Kxd5 43. Kxf5 Nc6 44. Bf3+ Kc5 45. Ke6 Nb4 0-1

[Event "Betsys MČR v online bleskovém šachu 2021"]
[Site "Chess.com"]
[Date "2021.04.17"]
[Round "12"]
[White "zaciname"]
[Black "Hroch_Hippo"]
[Result "1-0"]
[WhiteElo "758"]
[BlackElo "1066"]
[TimeControl "180+1"]
[EndTime "10:59:29 PDT"]
[Termination "Uživatel zaciname zvítězil matem"]

1. e4 e5 2. Nf3 Nc6 3. Bc4 Nd4 4. d3 Nxf3+ 5. Qxf3 Nf6 6. Bg5 Be7 7. Nc3 O-O 8. Nd5 Nxd5 9. Bxe7 Nxe7 10. Bd5 Nxd5 11. exd5 c6 12. dxc6 bxc6 13. O-O Bb7 14. Rae1 Qg5 15. Re4 c5 16. Rg4 Bxf3 17. Rxg5 Be2 18. Re1 Bxd3 19. Rgxe5 Bxc2 20. Rxc5 Bg6 21. Rc7 Rae8 22. Rxe8 Rxe8 23. h3 h6 24. Rxd7 Re2 25. Rxa7 Rxb2 26. a4 Ra2 27. a5 Bd3 28. g3 Kf8 29.
Kg2 Ke8 30. Kf3 Kd8 31. Rxf7 Rxa5 32. Rxg7 Rf5+ 33. Ke3 Ba6 34. Rg8+ Ke7 35. Rh8 Bb7 36. Rxh6 Rf3+ 37. Ke2 Bd5 38. Rh5 Ke6 39. Rxd5 Rxg3 40.
fxg3 Kxd5 41. Kf3 Ke6 42. Kg4 Kf6 43. h4 Kg6 44. h5+ Kh6 45. Kh4 Kh7 46. g4 Kh6 47.
g5+ Kh7 48. Kg4 Kg7 49. Kf5 Kh7 50. Kf6 Kg8 51. h6 Kh8 52. g6 Kg8 53. g7 Kh7 54.
Kf7 Kxh6 55. g8=Q Kh5 56. Kf6 Kh4 57. Kf5 Kh3 58. Kf4 Kh2 59. Kf3 Kh1 60. Qg2# 1-0

[Event "Betsys MČR v online bleskovém šachu 2021"]
[Site "Chess.com"]
[Date "2021.04.17"]
[Round "12"]
[White "androidddd"]
[Black "starypomalymuz"]
[Result "1-0"]
[WhiteElo "1475"]
[BlackElo "1744"]
[TimeControl "180+1"]
[EndTime "10:59:32 PDT"]
[Termination "Uživatel androidddd zvítězil matem"]

1. e4 e6 2. d4 a6 3. Nf3 b5 4. c4 bxc4 5. Bxc4 Bb7 6. Nc3 Bb4 7. Qe2 Nf6 8. O-O Bxc3 9. bxc3 Nxe4 10. Bd3 Nxc3 11.
Qc2 Nd5 12. Bxh7 Nc6 13. Ng5 Nxd4 14. Qd3 c5 15. Bg6 Rf8 16. Nh7 Rh8 17. Ng5 Rf8 18. Nh7 Ke7 19. Nxf8 Qxf8 20. Bg5+ f6 21. Be3 Nxe3 22.
fxe3 Nc6 23. Rad1 Rd8 24. Qd6# 1-0

[Event "Betsys MČR v online bleskovém šachu 2021"]
[Site "Chess.com"]
[Date "2021.04.17"]
[Round "12"]
[White "dzerenyss"]
[Black "Tlaskin"]
[Result "1-0"]
[WhiteElo "1129"]
[BlackElo "1312"]
[TimeControl "180+1"]
[EndTime "10:59:38 PDT"]
[Termination "Uživatel dzerenyss zvítězil matem"]

1. e4 c5 2. c3 Nf6 3. d4 cxd4 4. cxd4 e6 5. Nc3 Bb4 6. Bd3 O-O 7. Bg5 h6 8. Bh4 Nc6 9. e5 Qa5 10. exf6 Bxc3+ 11. bxc3 Qxc3+ 12. Kf1 Qxd4 13. Nf3 Qc3 14. fxg7 Qxg7 15. Kg1 Nd4 16. Nxd4 e5 17. Nf5 Qg4 18. Qxg4+ Kh8 19. Ne7 d5 20. Bf6# 1-0

[Event "Betsys MČR v online bleskovém šachu 2021"]
[Site "Chess.com"]
[Date "2021.04.17"]
[Round "12"]
[White "TarantAnk"]
[Black "matykov"]
[Result "0-1"]
[WhiteElo "1733"]
[BlackElo "2004"]
[TimeControl "180+1"]
[EndTime "10:59:40 PDT"]
[Termination "Uživatel matykov zvítězil matem"]

1. e4 e6 2. Nf3 d5 3. Nc3 Nf6 4. exd5 Nxd5 5. Ne2 Be7 6. Ng3 Bf6 7. c3 c5 8. d4 cxd4 9. Nxd4 O-O 10. Be2 b6 11. O-O Ba6 12. Ne4 Bxd4 13. Bxa6 Bxf2+ 14. Rxf2 Nxa6 15. Qf3 Ne7 16. Bg5 Qc7 17. Raf1 Ng6 18. h4 Nc5 19. h5 Ne5 20. Nf6+ gxf6 21. Qxf6 Ne4 22. Qf4 Nxf2 23. Bf6 Nfg4 24. Kh1 h6 25. Rf3 Nxf3 26. Qxc7 Nf2# 0-1

[Event "Betsys MČR v online bleskovém šachu 2021"]
[Site "Chess.com"]
[Date "2021.04.17"]
[Round "12"]
[White "tomasPardubice"]
[Black "Ladislav1969"]
[Result "0-1"]
[WhiteElo "2111"]
[BlackElo "2321"]
[TimeControl "180+1"]
[EndTime "10:59:41 PDT"]
[Termination "Uživatel Ladislav1969 zvítězil po vzdání soupeře"]

1. Nf3 Nf6 2. g3 d5 3. Bg2 g6 4. O-O Bg7 5. d4 O-O 6. c4 dxc4 7. Nc3 Nfd7 8. e4 c5 9. d5 Nb6 10. a4 a5 11. Be3 Na6 12. h3 e6 13. Qd2 exd5 14.
Nxd5 Nxd5 15. exd5 Bf5 16. Rfc1 Bd3 17. Ne1 Rc8 18.
Nxd3 cxd3 19. Rab1 c4 20. b3 c3 21. Qxd3 Nb4 22.
Qf1 Nxd5 23. Bxd5 Qxd5 24. Rc2 Rfd8 25. b4 Qe4 26. Qc1 axb4 0-1